 Dungeon Crawl Stone Soup version 0.31.0-11-ge490571c62 (webtiles) character file.

Game seed: 653106476815899877

3267 cdecastro the Arsonist (level 9, -12/52 HPs)
             Began as a Deep Elf Fire Elementalist on Feb 1, 2024.
             Was a Priest of Elyvilon.
             Mangled by a chaos spawn (14 damage)
             ... summoned by a kobold demonologist
             ... on level 8 of the Dungeon.
             The game lasted 00:10:46 (6670 turns).

cdecastro the Arsonist (Deep Elf Fire Elementalist) Turns: 6670, Time: 00:10:47

Health: -12/52     AC:  4    Str: 10    XL:     9   Next: 68%
Magic:  3/23       EV: 12    Int: 29    God:    Elyvilon [***...]
Gold:   343        SH:  0    Dex: 15    Spells: 11/24 levels left

rFire   + . .        u - +10 long sword of the Priest {flame, Str+5 Int+4}
rCold   + . .        (no shield)
rNeg    . . .        G - +0 leather armour {rC+}
rPois   .            (no helmet)
rElec   .            (no cloak)
rCorr   .            (no gloves)
SInv    .            y - +0 pair of boots
Will    .....        (no amulet)
Stlth   ++           n - ring of protection from fire
HPRegen 0.28/turn    x - ring of flight
MPRegen 0.18/turn

%: no passive effects
@: flying, very slightly contaminated
A: no striking features
a: Renounce Religion, Purification, Heal Other, Heal Self


You were on level 8 of the Dungeon.
You worshipped Elyvilon.
Elyvilon was most pleased with you.
You visited 2 branches of the dungeon, and saw 10 of its levels.

You collected 343 gold pieces.

Inventory:

Hand Weapons
 u - the +10 long sword of the Priest (weapon) {flame, Str+5 Int+4}
   (You found it on level 3 of the Dungeon)

   Str+5:     It affects your strength (+5).
   Int+4:     It affects your intelligence (+4).
Armour
 a - a +0 robe
 y - a +0 pair of boots (worn)
 E - +0 swamp dragon scales
 G - a +0 leather armour of cold resistance (worn)
Magical Staves
 e - a staff of air
Jewellery
 n - a ring of protection from fire (left hand)
 x - a ring of flight (right hand)
 D - a +4 ring of slaying
Talismans
 w - a flux talisman
Wands
 j - a wand of flame (50)
 p - a wand of light (12)
 z - a wand of paralysis (11)
Scrolls
 c - 3 scrolls of torment {unknown}
 d - a scroll of blinking {unknown}
 f - a scroll of vulnerability {unknown}
 g - 2 scrolls of noise {unknown}
 h - a scroll of immolation {unknown}
 k - 3 scrolls of identify {unknown}
 l - 4 scrolls of teleportation {unknown}
 m - a scroll of acquirement {unknown}
 o - 2 scrolls of silence {unknown}
 q - 3 scrolls of amnesia {unknown}
 C - 3 scrolls of revelation {unknown}
 F - a scroll of enchant weapon {unknown}
 H - a scroll of fog {unknown}
Potions
 b - a potion of magic
 i - a potion of degeneration {unknown}
 r - a potion of heal wounds {unknown}
 s - 2 potions of curing {unknown}
 t - a potion of lignification {unknown}
 v - 2 potions of might {unknown}
 A - a potion of cancellation {unknown}
 B - a potion of enlightenment {unknown}


   Skills:
 * Level 4.4 Fighting
 - Level 2.4 Dodging
 - Level 2.4 Stealth
 - Level 8.0 Spellcasting
 - Level 8.0 Conjurations
 - Level 10.0 Fire Magic


You had 11 spell levels left.
You knew the following spells:

 Your Spells              Type           Power      Damage    Failure   Level
a - Foxfire               Conj/Fire      100%       2x1d9     1%          1
b - Scorch                Fire           100%       2d9       1%          2
c - Inner Flame           Hex/Fire       40%        N/A       2%          3
d - Volatile Blastmotes   Fire/Tloc      80%        2d16      2%          3
e - Flame Wave            Conj/Fire      59%        2d14      1%          4

Your spell library contained the following spells:

 Spells                   Type           Power      Damage    Failure   Level
 Hailstorm                Conj/Ice       34%        3d8       3%          3
 Freeze                   Ice            44%        1d6       6%          1
 Frozen Ramparts          Ice            22%        1d4       19%         3
 Gell's Gravitas          Tloc           11%        N/A       19%         3
 Ozocubu's Armour         Ice            11%        N/A       19%         3
 Teleport Other           Tloc           11%        N/A       19%         3
 Metabolic Englaciation   Hex/Ice        5%         N/A       86%         5
 Dispersal                Tloc           5%         N/A       100%        6
 Sculpt Simulacrum        Ice/Alch       5%         N/A       100%        6


Dungeon Overview and Level Annotations

Branches:
Dungeon (9/15)             Temple (1/1) D:6
   Lair: D:8-11         Orc: D:9-12

Altars:
Cheibriados
Elyvilon
Fedhas
Gozag
Hepliaklqana
Kikubaaqudgha
Makhleb
Nemelex Xobeh
Okawaru
Qazlal
Ru
Sif Muna
Uskayaw
Vehumet
Wu Jian
Xom
Yredelemnul
Zin
The Shining One

Shops:
D:1 [

Annotations:
D:2 1 runed translucent door, Crazy Yiuf, Robin
D:9 1 runed translucent door, yey's ghost, novice DsFi


Message History

The flame wave engulfs the sun demon.
The sun demon completely resists.
The flame wave engulfs the kobold brigand!
The kobold brigand is almost dead.
The flame wave engulfs the kobold demonologist!
The kobold demonologist is heavily wounded.
You finish channelling waves of flame.
The kobold demonologist mumbles some strange words.
The kobold demonologist miscasts a cantrip.
Your Fighting skill gained 2 levels and is now at level 4!
Unknown command.
Unknown command.
Casting: Flame Wave (dangerous; 1% risk of failure)
Confirm with . or Enter, or press ? or * to list all spells.
Casting: Flame Wave (dangerous; 1% risk of failure)
Press: ? - help, Dir - look around, f - activate
Okay, then.
Unknown command.
Press: ? - help, v - describe, . - travel, g - get item Item here: the +7 Throatcutter {drain, coup de grace}.
The floor.
Unknown command.
Unknown command.
Unknown command.
Okay, then.
Unknown command.
Okay, then.
Unknown command.
Casting: Flame Wave (dangerous; 1% risk of failure)
Confirm with . or Enter, or press ? or * to list all spells.
Casting: Flame Wave (dangerous; 1% risk of failure)
Press: ? - help, Dir - look around, f - activate A wave of flame ripples out!
The flame wave engulfs the chaos spawn!!
The chaos spawn is severely wounded.
The flame wave engulfs the kobold demonologist!
You kill the kobold demonologist!
The sun demon disappears in a puff of smoke! (Press . to intensify the flame waves.)
The chaos spawn punches you!
You die...

#.########.##.#####
...................
#.#####.##.##.#####
#'##.##.# ####
#.##.##.# ##.÷.#
#.##.##.# #=.§.)#
##.##.##.#
...5KK)####.5.####.#
.).K.5§@§......÷.+.#
....K§4####.÷.####
#.§§§K# ##÷## ##..÷#
#.# #### #.# #+#


You could see 3 kobold demonologists, a chaos spawn (summoned), 2 kobold
brigands, an iron imp (summoned), a crimson imp (summoned) and a white imp
(summoned).

Vanquished Creatures
  6 kobold demonologists (D:8)
  Maggie (D:6)
  2 ice beasts
  2 sky beasts
  An ogre (D:4)
  2 kobold brigands
  3 bullfrogs
  2 scorpions
  4 howler monkeys
  A gnoll bouda (D:6)
  4 hounds
  A jelly (D:4)
  Ijyb (D:5)
  2 iguanas
  An orc priest (D:5)
  An orc wizard (D:4)
  2 sleepcaps (D:6)
  7 adders
  8 gnolls
  A shadow imp (D:4)
  3 white imps
  A dart slug (D:1)
  A ribbon worm (D:5)
  12 orcs
  7 endoplasms
  2 giant cockroaches
  11 goblins
  18 hobgoblins
  4 jackals (D:1)
  8 kobolds
  A quokka (D:2)
  2 ball pythons
  3 bats
  5 frilled lizards
  3 rats
133 creatures vanquished.

Vanquished Creatures (collateral kills)
  A foxfire (D:3)
1 creature vanquished.

Vanquished Creatures (others)
  392 foxfires
392 creatures vanquished.

Grand Total: 526 creatures vanquished

Notes
Turn   | Place    | Note
-------+----------+-------------------------------------------
     0 | D:1      | cdecastro the Deep Elf Fire Elementalist began the quest
                  | for the Orb.
     0 | D:1      | Reached XP level 1. HP: 10/10 MP: 6/6
   221 | D:1      | Reached skill level 4 in Fire Magic
   221 | D:1      | Reached XP level 2. HP: 6/15 MP: 0/8
   450 | D:1      | Found Cuacsarch's Armour Shoppe.
   475 | D:1      | Found a faded altar of an unknown god.
   992 | D:2      | Reached XP level 3. HP: 17/19 MP: 6/9
  1111 | D:2      | Found a glowing silver altar of Zin.
  1200 | D:2      | Reached skill level 5 in Fire Magic
  1200 | D:2      | Noticed Robin
  1718 | D:2      | Learned a level 2 spell: Scorch
  1722 | D:2      | Learned a level 3 spell: Inner Flame
  1808 | D:2      | Found a runed translucent door.
  1809 | D:2      | Noticed Crazy Yiuf
  2292 | D:3      | Identified the +10 long sword of the Priest {flame, Str+5
                  | Int+4}
  2308 | D:3      | Reached XP level 4. HP: 24/24 MP: 5/10
  2425 | D:3      | Found a white marble altar of Elyvilon.
  2588 | D:3      | Became a worshipper of Elyvilon the Healer
  2697 | D:4      | Noticed a scorpion
  2707 | D:4      | Killed a scorpion
  2708 | D:4      | Reached skill level 6 in Fire Magic
  2708 | D:4      | Reached XP level 5. HP: 28/28 MP: 4/11
  2954 | D:4      | Reached skill level 7 in Fire Magic
  3020 | D:4      | Noticed an ogre
  3054 | D:4      | Killed an ogre
  3055 | D:4      | Reached XP level 6. HP: 32/32 MP: 5/12
  3229 | D:4      | Found a sacrificial altar of Ru.
  3238 | D:4      | Found a shimmering altar of Xom.
  3566 | D:4      | Reached * piety under Elyvilon
  3686 | D:5      | Entered Level 5 of the Dungeon
  3696 | D:5      | Reached skill level 8 in Fire Magic
  3713 | D:5      | Learned a level 3 spell: Volatile Blastmotes
  3845 | D:5      | Reached skill level 5 in Spellcasting
  4058 | D:5      | Reached XP level 7. HP: 32/36 MP: 12/17
  4450 | D:5      | Noticed Ijyb
  4457 | D:5      | Killed Ijyb
  4734 | D:6      | Reached ** piety under Elyvilon
  4761 | D:6      | Found a staircase to the Ecumenical Temple.
  4765 | Temple   | Entered the Ecumenical Temple
  4873 | D:6      | Noticed Maggie
  5002 | D:5      | Learned a level 4 spell: Flame Wave
  5071 | D:6      | Reached XP level 8. HP: 7/41 MP: 9/22
  5571 | D:6      | Killed Maggie
  5572 | D:6      | Reached skill level 5 in Conjurations
  6122 | D:7      | Found a glowing silver altar of Zin.
  6224 | D:7      | Found a hazy altar of Hepliaklqana.
  6237 | D:7      | You are sucked into a shaft and drop 2 floors!
  6266 | D:9      | Noticed a troll
  6318 | D:9      | Found a runed translucent door.
  6318 | D:9      | Noticed yey's ghost (novice DsFi)
  6646 | D:8      | Reached *** piety under Elyvilon
  6661 | D:8      | Found the +7 Throatcutter {drain, coup de grace}
  6661 | D:8      | Noticed a kobold demonologist
  6661 | D:8      | Noticed a kobold demonologist
  6661 | D:8      | Noticed a kobold demonologist
  6661 | D:8      | Noticed a kobold demonologist
  6661 | D:8      | Noticed a kobold demonologist
  6661 | D:8      | Noticed a kobold demonologist
  6661 | D:8      | Noticed a kobold demonologist
  6661 | D:8      | Noticed a kobold demonologist
  6661 | D:8      | Noticed a kobold demonologist
  6662 | D:8      | Noticed a hellwing
  6662 | D:8      | Noticed a soul eater
  6663 | D:8      | Noticed a sun demon
  6665 | D:8      | Killed a kobold demonologist
  6665 | D:8      | Elyvilon protects you from harm!
  6666 | D:8      | Reached skill level 9 in Fire Magic
  6666 | D:8      | Reached XP level 9. HP: 12/45 MP: 16/23
  6668 | D:8      | Noticed an ice devil
  6668 | D:8      | Killed a kobold demonologist
  6668 | D:8      | Killed a kobold demonologist
  6668 | D:8      | HP: 1/45 [hellwing[a kobold demonologist] (8)]
  6669 | D:8      | Reached skill level 10 in Fire Magic
  6669 | D:8      | Killed a kobold demonologist
  6669 | D:8      | Killed a kobold demonologist
  6670 | D:8      | Killed a kobold demonologist
  6670 | D:8      | Mangled by a chaos spawn

Illustrated notes

Levels and vault maps discovered:
D:1:      minmay_arrival_jagged, layout_basic,
          dreamdust_ecumenical_altar_statues, serial_shops, nicolae_shop_stone,
          serial_bayou_pond_c
D:2:      layout_loops_cross, basic_altar, uniq_robin, uniq_crazy_yiuf_cottage
D:3:      layout_basic, nicolae_elyvilon_peaceful_grove,
          minmay_goblin_kobold_house
D:4:      layout_basic, mainiacjoe_overflow_swirl
D:5:      layout_rooms, nicolae_hexahallways, uniq_ijyb
D:6:      layout_basic, minmay_temple_entry_glassed_door, uniq_maggie
D:7:      layout_basic, mainiacjoe_overflow_alcove_3,
          mainiacjoe_overflow_surrounded_room, uniq_jeremiah
D:8:      layout_basic, david_lair_generic, dilly_guarded_unrand_throatcut
D:9:      layout_roguey, orc_0_dummy, hellmonk_ghost_big_iron,
          kennysheep_small_square, uniq_maurice
Temple:   eino_temple_water

Skill      XL: |  1  2  3  4  5  6  7  8  9 |
---------------+----------------------------+-----
Fire Magic     | 4 5 6 7 8 9 10 | 10.0
Spellcasting   | 5 8 |  8.0
Conjurations   | 3 8 |  8.0
Fighting       | 4 |  4.4
Dodging        | |  2.4
Stealth        | |  2.4

Action                     |  1- 3 |  4- 6 |  7- 9 || total
---------------------------+-------+-------+-------++-------
  Melee: Unarmed           |     7 |       |       ||     7
         Long sword        |       |    12 |     5 ||    17
   Cast: Foxfire           |    88 |    69 |    69 ||   226
         Scorch            |       |     7 |    25 ||    32
         Flame Wave        |       |       |     8 ||     8
   Stab: Sleeping          |       |     1 |       ||     1
         Distracted        |       |       |     1 ||     1
 Armour: Robe              |    29 |     6 |    14 ||    49
         Leather armour    |       |       |    20 ||    20
  Dodge: Dodged            |    28 |    12 |    24 ||    64
